AoeStats
← ASPROS

Arena

510799223Analyzed
1v1 RM · 16h ago on Oct 2, 2026· 33m 54s· 2 players
Game mode
Random Map
Map size
Tiny (2 player)
Population
200
Speed
Normal
Resources
Standard
Victory
Conquest
Starting age
Dark Age
Ending age
Imperial Age
RankedLock teamsTeams togetherTeam positionsShared explorationLock speedFull tech treeHidden civsTurbo modeCheats
Victory
Defeat
🇨🇳 Teutons · China
939
+18
🇵🇪 Persians · Peru
978
-18
ASPROS
11:54 Feudal Age
16:50 Castle Age
16:56 Fletching
江杉来了
7:59 Loom
10:25 Feudal Age
11:39 Double-Bit Axe
17:58 Fletching
27:27 Castle Age
25:50 Horse Collar
26:01 Man-at-Arms
28:24 Scale Barding Armor
28:35 Town Watch
29:26 Long Swordsman
Connection lost

Rejoining the realm…

Still unreachable

The connection could not be restored.

Session expired

The server has moved on; the page needs a fresh start.